 Dungeon Sprint DCSS version 0.30-a0-219-gf2db51d15e (webtiles) character file.

Game seed: 17350518424271613660

10 rocky1 the Trooper (level 2, 0/31 HPs)
             Began as an Ogre Warper on Oct 8, 2022.
             Was a Priest of Cheibriados.
             Slain by a sky beast (5 damage)
             ... in the Dungeon (Sprint VII: "The Pits").
             The game lasted 00:00:41 (112 turns).

rocky1 the Trooper (Ogre Warper)                     Turns: 112, Time: 00:00:42

Health: 0/31       AC:  3    Str: 21    XL:     2   Next: 20%
Magic:  6/6        EV: 10    Int: 21    God:    Cheibriados [***...]
Gold:   0          SH:  0    Dex: 15    Spells: 7/7 levels left

rFire   . . .      SeeInvis .    m - +2 mace
rCold   . . .      Faith    .    (no shield)
rNeg    . . .      Spirit   .    b - +0 robe
rPois   .          Reflect  .    (helmet restricted)
rElec   .          Harm     .    (no cloak)
rCorr   .          Rampage  .    (gloves unavailable)
Will    .....      NoTele   +    (boots unavailable)
Stlth   +.........               (no amulet)
HPRegen 0.25/turn                (no ring)
MPRegen 0.10/turn                (no ring)

@: very slow
A: large, unfitting armour, tough skin 1
a: Renounce Religion, Bend Time, Temporal Distortion


You were in the Dungeon.
You worshipped Cheibriados.
Cheibriados was most pleased with you.
You visited 1 branch

Inventory:

Hand Weapons
 a - a +0 mace
 m - a +2 mace (weapon)
Missiles
 d - 7 boomerangs of dispersal (quivered)
Armour
 b - a +0 robe (worn)
Scrolls
 c - 2 scrolls of blinking
 k - 5 scrolls of amnesia
 l - a scroll of summoning
Potions
 e - a potion of curing
 f - a potion of heal wounds
 g - a potion of haste
 h - 4 potions of magic
 i - 3 potions of berserk rage
 j - 2 potions of invisibility


   Skills:
 + Level 3.6 Fighting
 + Level 2.4 Maces & Flails
 - Level 1.0 Throwing
 + Level 2.7 Dodging
 + Level 3.1 Spellcasting
 + Level 3.2 Translocations


You had 7 spell levels left.
You didn't know any spells.
Your spell library contained the following spells:

 Spells                   Type           Power      Damage    Failure   Level
 Blink                    Tloc           32%        N/A       5%          2
 Lesser Beckoning         Tloc           32%        N/A       11%         3
 Teleport Other           Tloc           16%        N/A       11%         3
 Vhi's Electric Charge    Tloc/Air       20%        N/A       21%         3
 Manifold Assault         Tloc           16%        N/A       34%         4


Dungeon Overview and Level Annotations

Branches:
Dungeon (1/1)

Altars:
Ashenzari
Cheibriados
Dithmenos
Elyvilon
Fedhas
Gozag
Hepliaklqana
Kikubaaqudgha
Makhleb
Nemelex Xobeh
Okawaru
Qazlal
Ru
Sif Muna
Trog
Uskayaw
Vehumet
Wu Jian
Xom
Yredelemnul
Zin
The Shining One
Jiyva
Lugonu


Innate Abilities, Weirdness & Mutations

You are too large for most types of armour.
You have tough skin. (AC +1)


Message History

There is an open door here.
You see here a bat corpse.
The helpless hobgoblin fails to defend itself.
You sock the hobgoblin!
You kill the hobgoblin!
Cheibriados thoroughly appreciates the change of pace.
Cheibriados raises the support of your attributes as your movement slows. x2
Your Spellcasting skill increases to level 3!
You have reached level 2!
You open the door.
A sky beast, an orc and 2 goblins come into view.
There is an open door here.
Unknown command.
The goblin shouts!
The orc shouts!
The orc hits you with a +0 trident.
The goblin hits you but does no damage. x2
The orc misses you.
You sock the goblin!
You kill the goblin!
Cheibriados thoroughly appreciates the change of pace.
Cheibriados raises the support of your attributes as your movement slows.
The orc barely misses you.
Unknown command.
You sock the orc!
You kill the orc!
Cheibriados thoroughly appreciates the change of pace.
You can now warp the flow of time around you.
Cheibriados raises the support of your attributes as your movement slows.
Unknown command.
Okay, then.
Unknown command.
The sky beast flickers out of sight!
Deactivating autopickup; reactivate with Ctrl-A.
You miss something. Something hits you. Something shocks you.
You closely miss something. Something hits you. Something shocks you.
Something hits you. Something shocks you.
* * * LOW HITPOINT WARNING * * *
You hit something. Something hits you.
* * * LOW HITPOINT WARNING * * *
Something shocks you.
You die...

#...........'........
#+#####'#####......#.
#...).# #........
#.....# ####'####
###†### #.......#
#†....# #.......#
#.....# #.......#
####'##+###...<...#
#)@......##.......#
#).g.....##.......#
###########.......#
#########


You could see a goblin.

Vanquished Creatures
  2 orcs (D)
  A ball python (D)
  A goblin (D)
  A hobgoblin (D)
  2 bats (D)
7 creatures vanquished.

Notes
Turn   | Place    | Note
-------+----------+-------------------------------------------
     0 | D        | rocky1 the Ogre Warper began the quest for the Orb.
     0 | D        | Reached XP level 1. HP: 22/22 MP: 3/3
    20 | D        | Found a bloodstained altar of Trog.
    20 | D        | Found a shimmering blue altar of Sif Muna.
    20 | D        | Found a viscous altar of Jiyva.
    20 | D        | Found a hazy altar of Hepliaklqana.
    20 | D        | Found an opulent altar of Gozag.
    21 | D        | Found a glowing golden altar of the Shining One.
    21 | D        | Found a glowing silver altar of Zin.
    21 | D        | Found a basalt altar of Yredelemnul.
    21 | D        | Found a shimmering altar of Xom.
    21 | D        | Found an ornate altar of the Wu Jian Council.
    21 | D        | Found a sacrificial altar of Ru.
    21 | D        | Found a stormy altar of Qazlal.
    21 | D        | Found an iron altar of Okawaru.
    21 | D        | Found a sparkling altar of Nemelex Xobeh.
    21 | D        | Found a burning altar of Makhleb.
    21 | D        | Found a blossoming altar of Fedhas.
    21 | D        | Found a white marble altar of Elyvilon.
    21 | D        | Found a shadowy altar of Dithmenos.
    21 | D        | Found a snail-covered altar of Cheibriados.
    24 | D        | Found a corrupted altar of Lugonu.
    24 | D        | Found a radiant altar of Vehumet.
    25 | D        | Found an ancient bone altar of Kikubaaqudgha.
    25 | D        | Found a hide-covered altar of Uskayaw.
    25 | D        | Found a broken altar of Ashenzari.
    32 | D        | Became a worshipper of Cheibriados the Contemplative
    77 | D        | Reached * piety under Cheibriados
    99 | D        | Reached ** piety under Cheibriados
   100 | D        | Reached XP level 2. HP: 31/31 MP: 6/6
   104 | D        | Noticed a sky beast
   108 | D        | Reached *** piety under Cheibriados
   112 | D        | Slain by a sky beast

Illustrated notes

Levels and vault maps discovered:
D:        pitsprint [storerooms_1, entrance_room_1, metal_vault_5, armoury_2,
          mini_pit_1, grid_room_1, main_hall_1, silver_pit, the_coven_2,
          the_vestibule_1, steel_vault_1, golden_pit, hallway_of_sentries,
          crystal_vault_6, iron_vault_5, final_vault]

Skill      XL: |  1 |
---------------+----+-----
Fighting       | 3 |  3.6
Maces & Flails | 2 |  2.4
Translocations | 3 |  3.2
Spellcasting   | 3 |  3.1
Throwing       | |  1.0
Dodging        | |  2.7

Action                   || total
-------------------------++-------
Melee: Mace              ||    13
 Stab: Sleeping          ||     1
Armor: Robe              ||     8
Dodge: Dodged            ||     5

Table legend: (Time is in decaauts)
 A = Elapsed time spent in this place.
 B = Non-inter-level travel time spent in this place.
 C = Inter-level travel time spent in this place.
 D = Time resting spent in this place.
 E = Time spent auto-exploring this place.
 F = Levels seen in this place.
 G = Mean time per level.
                   A        B        C        D        E       F      G
               +--------+--------+--------+--------+--------+-----+--------+
         Total |    130 |    130 |      0 |     13 |      0 |   1 |  130.0 |
       Dungeon |    130 |    130 |      0 |     13 |      0 |   1 |  130.0 |
               +--------+--------+--------+--------+--------+-----+--------+

Top non-repeatable levels by time:
       D: 130 daAuts
